 Dungeon Crawl Stone Soup version 0.22-a0-617-g6d95e9e (webtiles) character file.

151 Hebeh the Magician (level 5, -1/28 HPs)
             Began as a Deep Elf Fire Elementalist on July 12, 2018.
             Slain by an orc warrior
             ... wielding a +0 halberd
              (12 damage)
             ... on level 3 of the Dungeon.
             The game lasted 00:14:01 (3954 turns).

Hebeh the Magician (Deep Elf Fire Elementalist)     Turns: 3954, Time: 00:14:02

Health: -1/28      AC:  3    Str:  5    XL:     5   Next: 10%
Magic:  11/13      EV: 13    Int: 21    God:
Gold:   154        SH:  0    Dex: 15    Spells: 6/12 levels left

rFire    . . .     SeeInvis .   a - +0 short sword
rCold    . . .     Gourm    .   (no shield)
rNeg     . . .     Faith    .   q - +0 robe
rPois    .         Spirit   .   p - +1 hat
rElec    .         Reflect  .   (no cloak)
rCorr    .         Harm     .   (no gloves)
MR       .....                  (no boots)
Stlth    ++........             (no amulet)
HPRegen  0.09/turn              (no ring)
MPRegen  0.13/turn              (no ring)

@: no status effects
A: no striking features
a: no special abilities


You were on level 3 of the Dungeon.
You were not hungry.

You visited 1 branch of the dungeon, and saw 4 of its levels.

You collected 154 gold pieces.

Inventory:

Hand Weapons
 a - a +0 short sword (weapon)
Missiles
 e - 13 sling bullets
 j - 54 arrows
 m - 127 stones (quivered)
Armour
 p - a +1 hat (worn)
 q - a +0 robe (worn)
Scrolls
 d - a scroll of amnesia {unknown}
 f - a scroll of noise {unknown}
 h - 3 scrolls of enchant armour
 i - a scroll of remove curse
 k - 2 scrolls of identify
 l - a scroll of teleportation
Potions
 b - a potion of resistance {unknown}
 g - 2 potions of heal wounds
 n - 4 potions of curing {unknown}
 o - 2 potions of lignification {unknown}
 r - a potion of flight {unknown}
 s - a potion of degeneration {unknown}
Comestibles
 c - 11 rations


   Skills:
 - Level 2.4 Dodging
 - Level 2.4 Stealth
 + Level 4.4 Spellcasting
 * Level 3.9 Conjurations
 + Level 4.2 Fire Magic


You had 6 spell levels left.
You knew the following spells:

 Your Spells              Type           Power        Failure   Level  Hunger
a - Flame Tongue          Conj/Fire      ###..        2%          1    None
b - Throw Flame           Conj/Fire      ###...       3%          2    #......
c - Conjure Flame         Conj/Fire      ###.....     6%          3    ##.....

Your spell library contained the following spells:

 Spells                   Type           Power        Failure   Level  Hunger
 Fireball                 Conj/Fire      ###.......   52%         5    ######.
 Sticky Flame             Conj/Fire      ###.....     22%         4    ####...
 Inner Flame              Hex/Fire       ##......     14%         3    ##.....


Dungeon Overview and Level Annotations

Branches:
Dungeon (4/15)
 Temple: D:4-7

Altars:
Fedhas

Annotations:
D:3 exclusion: oklob plant


Message History

HP restored.
You climb downwards.
The orc warrior completely misses you.
There is a stone staircase leading up here.
The orc warrior barely misses you.
You climb upwards.
Level annotation: exclusion: oklob plant
There is a stone staircase leading down here.
Casting: Throw Flame (safe; 3% risk of failure)
Confirm with . or Enter, or press ? or * to list all spells.
Aiming: Throw Flame (safe; 3% risk of failure)
Press: ? - help, Shift-Dir - straight line, f - orc warrior
Aim: an orc warrior, wielding a halberd and wearing a chain mail The puff of flame hits the orc warrior.
The orc warrior is lightly wounded.
The orc warrior closely misses you.
You eat one of the 12 rations.
That ration really hit the spot!
The orc warrior hits you with a halberd!
Ouch! That really hurt!
The orc warrior hits you from afar with a halberd!
You die...

..........#..[......#
....#.....#......#####
..........#..........#
...#......#(.........#
...#......#..........#
.....................#
......#........o...[.##
......+.........>.....#
......###.....+#@.....#
#####..##..8..[.......#
#.....................#
#...............##########
#.................##.....#
#.................##.....#
#.############...........#
#.#PPPPP###P#..........###
#.#P..#P#PPP#..........#


You could see an orc warrior.

Vanquished Creatures
  An orc priest (D:4)
  A hound skeleton (D:3)
  3 adders (D:2)
  A howler monkey skeleton (D:3)
  An adder zombie (D:3)
  3 dart slugs
  A leopard gecko (D:2)
  2 orcs
  6 bats
  4 giant cockroaches
  3 goblins
  13 hobgoblins
  2 jackals (D:3)
  3 ball pythons
  A ball python zombie (D:3)
  2 frilled lizards
  A jackal skeleton (D:3)
  6 kobolds
  5 rats
59 creatures vanquished.

Notes
Turn   | Place    | Note
-------+----------+-------------------------------------------
     0 | D:1      | Hebeh the Deep Elf Fire Elementalist began the quest for the Orb.
     0 | D:1      | Reached XP level 1. HP: 10/10 MP: 6/6
   555 | D:1      | Reached XP level 2. HP: 15/15 MP: 1/8
  1620 | D:2      | Reached XP level 3. HP: 19/19 MP: 7/10
  1692 | D:2      | Found a faded altar of an unknown god.
  2436 | D:2      | Reached XP level 4. HP: 4/24 MP: 0/11
  2671 | D:2      | Learned a level 2 spell: Throw Flame
  2675 | D:2      | Learned a level 3 spell: Conjure Flame
  3430 | D:3      | Found a blossoming altar of Fedhas.
  3446 | D:3      | Noticed an oklob plant
  3663 | D:4      | Noticed an orc warrior
  3679 | D:4      | Reached XP level 5. HP: 3/28 MP: 4/13
  3954 | D:3      | Slain by an orc warrior

Vault maps used:
D:1:      mrwooster_arrival_statue_2
D:2:      first_ration, chequers_ecumenical_altar_twisty
D:3:      serial_undead, serial_undead_b, serial_undead_d, serial_undead_f,
          serial_undead_b, serial_undead_f, serial_undead_e, tgw_fedhas
D:4:      minmay_temple_entry_nine_rooms, serial_shops,
          nicolae_shop_behind_doors, uniq_duvessa

Skill      XL: |  1  2  3  4 |
---------------+-------------+-----
Conjurations   | 2 3 |  3.9
Spellcasting   | 4 |  4.4
Fire Magic     | 4 |  4.2
Dodging        | |  2.4
Stealth        | |  2.4

Action                   |  1- 3 |  4- 6 || total
-------------------------+-------+-------++-------
Melee: Unarmed           |     1 |       ||     1
       Short sword       |       |     2 ||     2
Throw: Stone             |    23 |    55 ||    78
 Cast: Flame Tongue      |    74 |    45 ||   119
       Throw Flame       |       |     7 ||     7
       Conjure Flame     |       |     2 ||     2
  Use: Scroll            |     3 |     1 ||     4
       Potion            |       |     1 ||     1
  Eat: Chunk             |     2 |     2 ||     4
       Ration            |     1 |     1 ||     2
Armor: Robe              |     7 |     3 ||    10
Dodge: Dodged            |    21 |    11 ||    32

Table legend:
 A = Spawn XP
 B = Non-spawn XP
 C = Spawn XP percentage of total XP
 D = Spawn monster count
 E = Non-spawn monster count
 F = Spawn count percentage of total count
 G = Total turns spent on level
                    A         B        C        D         E        F      G
               +---------+---------+-------+---------+---------+-------+---------
         Total |       0 |     216 |   0.0 |       0 |      59 |   0.0 |  3954
               +---------+---------+-------+---------+---------+-------+---------
           D:1 |       0 |      26 |   0.0 |       0 |      14 |   0.0 |  1295
           D:2 |       0 |      75 |   0.0 |       0 |      20 |   0.0 |  1425
           D:3 |       0 |      71 |   0.0 |       0 |      23 |   0.0 |  1126
           D:4 |       0 |      44 |   0.0 |       0 |       2 |   0.0 |   108
               +---------+---------+-------+---------+---------+-------+---------
